 Dungeon Crawl Stone Soup version 0.25-a0-663-gace7076 (webtiles) character file.

Game seed: 3394555409718137862, levelgen mode: deterministic

373 MrTaco21 the Cudgeler (level 6, -1/37 HPs)
             Began as a Gargoyle Fighter on Mar 24, 2020.
             Slain by a troll (3 damage)
             ... on level 5 of the Dungeon.
             The game lasted 00:05:36 (4817 turns).

MrTaco21 the Cudgeler (Gargoyle Fighter)            Turns: 4817, Time: 00:05:36

Health: -1/37      AC: 14    Str: 24    XL:     6   Next: 72%
Magic:  6/6        EV:  8    Int:  8    God:
Gold:   255        SH:  9    Dex:  9    Spells: 5/5 levels left

rFire    . . .     SeeInvis .   a - +0 flail
rCold    . . .     Gourm    .   c - +0 kite shield
rNeg     + . .     Faith    .   l - +1 ring mail {rPois}
rPois    ∞         Spirit   .   (no helmet)
rElec    +         Reflect  .   y - +2 cloak {rPois}
rCorr    +         Harm     +   (no gloves)
MR       .....                  (no boots)
Stlth    ..........             A - amulet of harm
HPRegen  0.12/turn              w - ring of resist corrosion (curse)
MPRegen  0.10/turn              C - +2 ring of strength

@: no status effects
A: negative energy resistance 1, electricity resistance, unbreathing,
petrification resistance, rot immunity, AC +4
a: no special abilities


You were on level 5 of the Dungeon.
You were near starving.

You visited 1 branch of the dungeon, and saw 5 of its levels.

You collected 255 gold pieces.

Inventory:

Hand Weapons
 a - a +0 flail (weapon)
Missiles
 u - 7 poisoned darts (quivered)
Armour
 c - a +0 kite shield (worn)
 l - a +1 ring mail of poison resistance (worn)
   (You found it on level 1 of the Dungeon)
 m - a +0 plate armour
   (You found it on level 1 of the Dungeon)
 y - a +2 cloak of poison resistance (worn)
   (You took it off Crazy Yiuf on level 3 of the Dungeon)
Jewellery
 w - a cursed ring of resist corrosion (left hand)
   (You found it on level 3 of the Dungeon)
 A - an amulet of harm (around neck)
   (You found it on level 4 of the Dungeon)
 C - a +2 ring of strength (right hand)
   (You found it on level 4 of the Dungeon)
 D - a +2 ring of strength
   (You found it on level 4 of the Dungeon)
 G - an uncursed ring of flight
   (You found it on level 5 of the Dungeon)
 J - a cursed -2 ring of dexterity {unknown}
   (You found it on level 5 of the Dungeon)
Wands
 d - a wand of iceblast (6)
   (You found it on level 5 of the Dungeon)
 o - a wand of scattershot (3)
   (You found it on level 2 of the Dungeon)
Scrolls
 b - a scroll of random uselessness {unknown}
 g - 5 scrolls of teleportation {unknown}
 h - 4 scrolls of enchant armour {unknown}
 i - 10 scrolls of identify {unknown}
 r - 3 scrolls of blinking {unknown}
 t - a scroll of immolation {unknown}
 z - a scroll of amnesia {unknown}
 B - a scroll of fog {unknown}
 H - a scroll of remove curse {unknown}
 I - a scroll of fear {unknown}
Potions
 f - 3 potions of degeneration {unknown}
 j - a potion of invisibility {unknown}
 k - a potion of cancellation {unknown}
 n - 3 potions of berserk rage {unknown}
 p - a potion of mutation {unknown}
 q - a potion of curing {unknown}
 s - a potion of brilliance {unknown}
 v - a potion of haste {unknown}
 x - 2 potions of heal wounds {unknown}
 E - a potion of stabbing {unknown}
 F - a potion of might
Comestibles
 e - 10 rations {!d}


   Skills:
 - Level 3.2 Fighting
 + Level 7.0 Maces & Flails
 - Level 3.2 Armour
 - Level 3.2 Shields


You had 5 spell levels left.
You didn't know any spells.
Your spell library was empty.

Dungeon Overview and Level Annotations

Branches:
Dungeon (5/15)             Temple (0/1) D:5

Altars:
Makhleb
Sif Muna
Uskayaw
Xom
Yredelemnul

Shops:
D:5 :


Innate Abilities, Weirdness & Mutations

You are resistant to torment.
Your stone body is resilient. (AC +4)
You are immune to poison.
You resist negative energy. (rN+)
You are resistant to electric shocks. (rElec)
You can survive without breathing.
You are immune to petrification.
You are immune to rotting.


Message History

The walls and floor vibrate strangely for a moment.
Found a stone staircase leading up.
Found 13 gold pieces.
There is a stone staircase leading up here.
You now have 255 gold pieces (gained 13).
There is a stone staircase leading up here.
You are near starving!
You see here 19 arrows.
You see here 16 stones.
You open the door.
A scorpion and a troll come into view.
The troll shouts!
There are monsters nearby!
There is an open door here.
You hit the scorpion but do no damage. You block the scorpion's attack.
You completely miss the scorpion. You block the scorpion's attack.
The troll bites you but does no damage. The troll completely misses you.
You block the troll's attack.
You completely miss the troll. The scorpion stings you.
You block the troll's attack. The troll barely misses you.
The troll claws you but does no damage.
You closely miss the troll. You block the scorpion's attack.
The troll bites you. The troll barely misses you. You block the troll's attack.
You sock the troll! You block the scorpion's attack.
You block the troll's attack.
The troll claws you but does no damage. x2
You barely miss the troll.
The scorpion stings you but does no damage.
You block the troll's attack. The troll closely misses you. x2
You hit the troll. You block the scorpion's attack.
You block the troll's attack. The troll claws you! The troll claws you.
You hit the troll but do no damage. The scorpion barely misses you.
You block the troll's attack. The troll barely misses you.
The troll claws you but does no damage.
You barely miss the troll.
The scorpion stings you but does no damage.
The troll bites you!
* * * LOW HITPOINT WARNING * * *
You block the troll's attack. The troll claws you.
* * * LOW HITPOINT WARNING * * *
The scorpion stings you but does no damage.
The troll closely misses you. The troll barely misses you.
You block the troll's attack. You block the troll's attack.
The troll barely misses you. The troll claws you.
* * * LOW HITPOINT WARNING * * *
There is an escape hatch in the ceiling here.
Really go through this one-way escape hatch?
The troll bites you.
* * * LOW HITPOINT WARNING * * *
The troll claws you but does no damage. The troll claws you.
You die...

# #.###......#).# #
#.##.........[# #
#s.#...###.#..# #
##.#.....#.#..# # #............#
# ########....#.#....#
######..........##.#....#
#..........s.#..##......# #####
#...###..@T..#..#####...# #...#
#.⌠.# #......#..# #...#
#...###...###......#..# #...#
#............#.....#.>#####...#
#####.⌠..>..⌠.#.....#..#.......#
..............#.....#..#.####..#
.#######...####........#.# #..#
.#...# #.⌠.# #.####...#.# #..#
...#####...####.# #...#.# #..#


You could see a troll and a scorpion.

Vanquished Creatures
  A scorpion (D:5)
  A hound (D:4)
  Crazy Yiuf (D:3)
  A centaur skeleton (D:5)
  An orc wizard (D:3)
  A bullfrog skeleton (D:4)
  2 worker ants (D:4)
  3 adders
  An ooze (D:3)
  4 worms
  A dart slug (D:2)
  4 leopard geckos
  5 orcs (D:3)
  7 bats
  4 giant cockroaches (D:3)
  8 goblins
  4 hobgoblins
  16 jackals
  4 kobolds
  2 quokkas (D:3)
  3 frilled lizards
  A leopard gecko skeleton (D:4)
  12 rats
87 creatures vanquished.

Notes
Turn   | Place    | Note
-------+----------+-------------------------------------------
     0 | D:1      | MrTaco21 the Gargoyle Fighter began the quest for the Orb.
     0 | D:1      | Reached XP level 1. HP: 14/14 MP: 1/1
   551 | D:1      | Reached XP level 2. HP: 18/19 MP: 2/2
   737 | D:1      | Reached skill level 3 in Maces & Flails
  1095 | D:2      | Reached XP level 3. HP: 21/23 MP: 3/3
  1786 | D:3      | Reached skill level 4 in Maces & Flails
  1790 | D:3      | Reached XP level 4. HP: 20/28 MP: 4/4
  1910 | D:3      | Found a shimmering altar of Xom.
  2230 | D:3      | Reached skill level 5 in Maces & Flails
  2230 | D:3      | Reached XP level 5. HP: 10/32 MP: 5/5
  2615 | D:3      | Found a runed translucent door.
  2616 | D:3      | Noticed Crazy Yiuf
  2725 | D:3      | Killed Crazy Yiuf
  3051 | D:4      | Reached skill level 6 in Maces & Flails
  3168 | D:4      | Found a burning altar of Makhleb.
  3175 | D:4      | Found a basalt altar of Yredelemnul.
  3175 | D:4      | Found a hide-covered altar of Uskayaw.
  3175 | D:4      | Found a shimmering blue altar of Sif Muna.
  3299 | D:4      | Reached XP level 6. HP: 37/37 MP: 6/6
  3870 | D:5      | Entered Level 5 of the Dungeon
  3875 | D:5      | Found Tueghuq's Book Shop.
  4476 | D:5      | Found a staircase to the Ecumenical Temple.
  4486 | D:5      | Reached skill level 7 in Maces & Flails
  4771 | D:5      | Noticed a troll
  4817 | D:5      | Slain by a troll

Levels and vault maps discovered:
D:1:      roderic_chinese_lattice_arrival, layout_basic
D:2:      layout_loops_corners
D:3:      layout_rooms, brannock_xom_greatest_gift, uniq_crazy_yiuf_cottage
D:4:      layout_loops_corners, minitemple, first_ration
D:5:      minmay_bubble_buster, layout_basic, minmay_temple_entry_junction,
          gup_sewer_entry_bubbles, serial_shops, kennysheep_mini

Skill      XL: |  1  2  3  4  5  6 |
---------------+-------------------+-----
Maces & Flails | 3 4 5 6 7 |  7.0
Fighting       | |  3.2
Armour         | |  3.2
Shields        | |  3.2

Action                   |  1- 3 |  4- 6 || total
-------------------------+-------+-------++-------
Melee: Flail             |   154 |   228 ||   382
  Eat: Chunk             |     3 |     8 ||    11
Armor: Scale mail        |    50 |       ||    50
       Ring mail         |    39 |   174 ||   213
Dodge: Dodged            |    44 |   118 ||   162
Block: Kite shield       |    79 |   172 ||   251

Table legend:
 A = Non-vault XP
 B = Vault XP
 C = Vault XP percentage of total XP
 D = Non-vault monster count
 E = Vault monster count
 F = Vault count percentage of total count
                 A         B        C        D         E       F
            +---------+---------+-------+---------+---------+-------
      Total |     489 |      45 |   8.4 |      84 |       3 |   3.4
            +---------+---------+-------+---------+---------+-------
        D:1 |      20 |       0 |   0.0 |      12 |       0 |   0.0
        D:2 |      46 |       0 |   0.0 |      23 |       0 |   0.0
        D:3 |     141 |      41 |  22.5 |      36 |       1 |   2.7
        D:4 |     172 |       0 |   0.0 |       9 |       0 |   0.0
        D:5 |     110 |       4 |   3.5 |       4 |       2 |  33.3
            +---------+---------+-------+---------+---------+-------
